 Dungeon Crawl Stone Soup version 0.27-a0-1242-ge70438ac7b (webtiles) character file.

Game seed: 3663437032358342901

15 27snakeeyes612 the Skirmisher (level 2, -5/28 HPs)
             Began as a Naga Fighter on June 9, 2021.
             Slain by Natasha (6 damage)
             ... on level 2 of the Dungeon.
             The game lasted 00:00:35 (1625 turns).

27snakeeyes612 the Skirmisher (Naga Fighter)        Turns: 1625, Time: 00:00:37

Health: -5/28      AC:  5    Str: 18    XL:     2   Next: 50%
Magic:  2/2        EV:  5    Int:  8    God:
Gold:   0          SH:  8    Dex: 10    Spells: 1/1 levels left

rFire    . . .     SeeInvis +   a - +0 war axe
rCold    . . .     Faith    .   c - +0 kite shield
rNeg     . . .     Spirit   .   b - +0 scale mail
rPois    +         Reflect  .   j - +0 helmet
rElec    .         Harm     .   (no cloak)
rCorr    .         Rampage  .   (no gloves)
Will     .....                  (no barding)
Stlth    ..........             (no amulet)
HPRegen  0.09/turn              (no ring)
MPRegen  0.08/turn              (no ring)

@: very slow
A: AC +0, large, see invisible, deformed body, poison resistance, slowness 2,
spit poison 1, naga tail 1
a: Spit Poison


You were on level 2 of the Dungeon.
You visited 1 branch of the dungeon, and saw 2 of its levels.

Inventory:

Hand Weapons
 a - a +0 war axe (weapon)
Armour
 b - a +0 scale mail (worn)
 c - a +0 kite shield (worn)
 j - a +0 helmet (worn)
Scrolls
 f - 2 scrolls of identify {unknown}
 h - a scroll of teleportation {unknown}
 l - a scroll of vulnerability {unknown}
Potions
 d - a potion of might
 e - a potion of curing
 g - 2 potions of invisibility {unknown}
 i - a potion of attraction {unknown}
 k - a potion of flight {unknown}


   Skills:
 + Level 3.0 Fighting
 + Level 2.0 Axes
 + Level 2.6 Armour
 + Level 2.9 Shields


You had one spell level left.
You didn't know any spells.
Your spell library was empty.

Dungeon Overview and Level Annotations

Branches:
Dungeon (2/15)

Altars:

Shops:
D:1 ?

Annotations:
D:2 Natasha


Innate Abilities, Weirdness & Mutations

Your serpentine skin is tough. (AC +0)
You have supernaturally acute eyesight. (SInv)
Armour fits poorly on your strangely shaped body.
Your system is resistant to poisons. (rPois)
You cover ground very slowly.
You can spit poison.
You have a snake-like lower body.


Message History

You are too injured to fight recklessly!
You are too injured to fight recklessly!
You are too injured to fight recklessly!
You are too injured to fight recklessly!
You are too injured to fight recklessly!
You are too injured to fight recklessly!
You are too injured to fight recklessly!
You are too injured to fight recklessly!
Abil: Spit Poison
Press: ? - help, Q - select action Shift-Dir - straight line, f - white imp
Aim: a white imp (heavily wounded, summoned)
The splash of poison hits the white imp.
The white imp completely resists.
The white imp is heavily wounded.
Natasha claws you. The white imp barely misses you. You block Natasha's attack.
The white imp hits you.
* * * LOW HITPOINT WARNING * * *
The white imp freezes you.
* * * LOW HITPOINT WARNING * * *
You closely miss Natasha.
Natasha is severely wounded.
You closely miss the white imp.
Natasha mumbles some strange words.
You block the white imp's attack.
Natasha drinks a potion.
Natasha is healed!
You closely miss Natasha.
You hit the crimson imp but do no damage.
You miss the crimson imp.
You feel yourself speed up.
You have got your breath back.
The crimson imp disappears in a puff of smoke!
The white imp gestures at you. The puff of frost hits you.
* * * LOW HITPOINT WARNING * * *
You block Natasha's attack.
The crimson imp hits you but does no damage.
You block Natasha's attack. The crimson imp hits you.
* * * LOW HITPOINT WARNING * * *
The white imp hits you but does no damage.
Natasha claws you.
You die...

#..#..†....#
#........###
#.##.......
#.##...#.##..
#...>......
...
#....^.#...
##
##.#.######.
#.#.....#
#.###@###
#.#.5h5......
#.#.#........
#.#.####.....
#.# .....
.... ... ...


You could see Natasha, a crimson imp (summoned) and a white imp (summoned).

Vanquished Creatures
  A bat (D:1)
  3 endoplasms (D:1)
  A goblin (D:1)
  A hobgoblin (D:2)
  2 kobolds (D:1)
  2 quokkas (D:1)
  A frilled lizard (D:1)
  2 rats (D:1)
13 creatures vanquished.

Notes
Turn   | Place    | Note
-------+----------+-------------------------------------------
     0 | D:1      | 27snakeeyes612 the Naga Fighter began the quest for the
                  | Orb.
     0 | D:1      | Reached XP level 1. HP: 21/21 MP: 1/1
    68 | D:1      | HP: 1/21 [poisoned by a goblin]
   611 | D:1      | Reached XP level 2. HP: 14/28 MP: 2/2
  1415 | D:1      | Found Hezxaotz's Magic Scroll Boutique.
  1614 | D:2      | Noticed Natasha
  1619 | D:2      | Noticed a crimson imp
  1625 | D:2      | Noticed a crimson imp
  1625 | D:2      | HP: 1/28 [crimson imp[Natasha] (2)]
  1625 | D:2      | Slain by Natasha

Illustrated notes

Levels and vault maps discovered:
D:1:      minmay_arrival_stone_box, layout_loops_corners, serial_shops, shop
D:2:      layout_basic, uniq_natasha

Action                   || total
-------------------------++-------
Melee: War axe           ||    51
 Abil: Spit Poison       ||     1
Armor: Scale mail        ||    14
Dodge: Dodged            ||     9
Block: Kite shield       ||    35

Table legend: (Time is in decaauts)
 A = Elapsed time spent in this place.
 B = Non-inter-level travel time spent in this place.
 C = Inter-level travel time spent in this place.
 D = Time resting spent in this place.
 E = Time spent auto-exploring this place.
 F = Levels seen in this place.
 G = Mean time per level.
                   A        B        C        D        E       F      G
               +--------+--------+--------+--------+--------+-----+--------+
         Total |   1968 |   1887 |     81 |    624 |   1112 |   2 |  984.0 |
       Dungeon |   1968 |   1887 |     81 |    624 |   1112 |   2 |  984.0 |
               +--------+--------+--------+--------+--------+-----+--------+

Top non-repeatable levels by time:
     D:1: 1896 daAuts
     D:2: 72 daAuts
